Map: Dusk Towers

Players

HuShang

  • Race: Protoss Protoss
  • League: Master

State - Winner!

  • Race: Protoss Protoss
  • League: Master

VOD

Have the link to the VOD?

Description

Time

  • Played on: Feb. 1, 2016, 4:52 p.m.
  • Length: 14:12
Show
View Real Time Build Order
Export as new Build Order

HuShang Protoss 

Build Orders: 1 Gate Expand, Oracle Opening 

Get SALT Encoding   

  12  0:01  Probe (Chrono Boost)  
  13  0:12  Probe (Chrono Boost)  
  14  0:18  Pylon  
  14  0:22  Probe (Chrono Boost)  
  15  0:36  Probe (Chrono Boost)  
  15  0:38  Gateway  
  15  0:41  Assimilator  
  16  0:47  Probe (Chrono Boost)  
  17  0:57  Probe (Chrono Boost)  
  18  1:08  Probe (Chrono Boost)  
  19  1:20  Nexus  
  19  1:24  Probe (Chrono Boost)  
  20  1:35  Cybernetics Core  
  20  1:37  Probe (Chrono Boost)  
  21  1:42  Assimilator  
  21  1:48  Probe (Chrono Boost)  
  22  1:58  Probe (Chrono Boost)  
  23  2:01  Pylon  
  23  2:14  Stargate  
  23  2:19  Stalker (Chrono Boost), Probe (Chrono Boost)  
  26  2:29  Warp Gate  
  26  2:30  Probe  
  26  2:31  Probe  
  28  2:41  Probe  
  28  2:43  Probe  
  30  2:46  Stalker (Chrono Boost)  
  32  2:51  Probe  
  32  2:55  Probe  
  34  3:02  Pylon  
  34  3:03  Probe  
  35  3:05  Oracle (Chrono Boost)  
  35  3:07  Probe  
  39  3:13  Probe  
  39  3:15  Stalker  
  39  3:19  Probe  
  43  3:25  Probe  
  44  3:32  Probe  
  45  3:36  Probe  
  45  3:45  Oracle (Chrono Boost), Probe  
  45  3:46  Probe  
  49  3:48  Assimilator  
  49  3:52  Assimilator  
  49  3:56  Pylon  
  49  3:57  Probe x2  
  51  4:07  Probe  
  51  4:09  Probe  
  53  4:14  Robotics Facility  
  53  4:18  Probe  
  53  4:21  Probe  
  55  4:29  Probe (Chrono Boost)  
  56  4:34  Probe (Chrono Boost)  
  56  4:35  Twilight Council  
  56  4:36  Nexus  
  57  4:41  Probe (Chrono Boost)  
  57  4:45  Probe (Chrono Boost)  
  59  4:51  Pylon, Probe (Chrono Boost)  
  57  4:55  Probe (Chrono Boost)  
  58  5:00  Forge  
  58  5:02  Pylon, Probe (Chrono Boost)  
  58  5:06  Probe (Chrono Boost)  
  60  5:12  Probe (Chrono Boost)  
  60  5:13  Blink (Chrono Boost)  
  61  5:15  Observer (Chrono Boost)  
  61  5:16  Probe  
  63  5:24  Stalker, Probe  
  63  5:26  Protoss Ground Weapons Level 1 (Chrono Boost)  
  66  5:30  Mothership Core, Gateway x2  
  66  5:34  Immortal (Chrono Boost)  
  72  5:36  Probe  
  73  5:48  Probe  
  71  5:51  Probe  
  70  6:01  Photon Cannon  
  70  6:14  Probe x2  
  72  6:20  Probe  
  72  6:23  Immortal  
  73  6:26  Probe x2  
  73  6:27  Photon Cannon  
  73  6:31  Probe  
  80  6:34  Gateway  
  80  6:36  Gateway  
  80  6:38  Gateway, Probe x2  
  82  6:41  Probe  
  81  6:50  Probe x2  
  81  6:52  Probe  
  82  7:00  Observer, Photon Cannon  
  82  7:07  Probe  
  82  7:08  Probe x2  
  84  7:10  Stalker x3  
  89  7:17  Probe  
  89  7:20  Probe x2  
  90  7:28  Probe  
  91  7:30  Immortal  
  91  7:32  Probe x2  
  93  7:38  Protoss Ground Weapons Level 2 (Chrono Boost)  
  93  7:51  Assimilator  
  93  7:55  Robotics Bay, Assimilator  
  93  7:56  Robotics Facility, Pylon  
  93  7:57  Probe  
  93  7:58  Pylon  
  93  7:59  Pylon, Probe x2  
  93  8:12  Pylon  
  93  8:14  Stalker x2  
  93  8:15  Stalker x2  
  93  8:16  Stalker x2, Immortal  
  103  8:41  Stalker x3  
  103  8:42  Stalker  
  103  8:45  Disruptor  
  114  8:54  Nexus  
  109  9:20  Photon Cannon  
  109  9:22  Disruptor (Chrono Boost)  
  109  9:24  Disruptor (Chrono Boost)  
  109  9:30  Pylon x2  
  115  9:38  Dark Shrine  
  115  9:43  Stalker x4  
  115  9:44  Stalker  
  115  9:45  Protoss Ground Weapons Level 3  
  125  9:55  Warp Prism (Chrono Boost), Photon Cannon  
  127  10:03  Warp Prism (Chrono Boost)  
  129  10:18  Photon Cannon  
  129  10:22  Photon Cannon  
  129  10:23  Stalker x4  
  129  10:26  Disruptor (Chrono Boost)  
  129  10:28  Probe  
  140  10:29  Probe x2  
  140  10:30  Probe  
  144  10:36  Pylon  
  144  10:38  Probe  
  141  11:02  Stalker x3, Disruptor x2 (Chrono Boost)  
  141  11:03  Stalker x3  
  143  11:20  Photon Cannon  
  130  11:50  Probe  
  130  11:51  Probe, Photon Cannon  
  130  11:52  Probe  
  125  12:07  Photon Cannon  
  122  12:14  Photon Cannon  
  122  12:25  Pylon  
  122  12:26  Pylon  
  122  12:28  Probe  
  123  12:30  Probe x3  
  123  12:35  Pylon  
  123  12:36  Pylon  
  126  12:39  Pylon  
  124  12:49  Photon Cannon  
  124  12:52  Photon Cannon  
  124  12:54  Photon Cannon x3  
  124  12:56  Photon Cannon  
  124  12:58  Photon Cannon  
  124  13:01  Probe  
  124  13:02  Probe  
  124  13:03  Probe  
  127  13:05  Stalker x4  
  127  13:06  Stalker x2  
  127  13:12  Disruptor (Chrono Boost)  
  142  13:13  Disruptor (Chrono Boost)  
  143  13:36  Stalker x2  
  143  13:37  Stalker x2  
  151  13:44  Photon Cannon  
  151  13:46  Probe  
  151  13:47  Probe x2  
Show
View Real Time Build Order
Export as new Build Order

State Protoss - Winner!

Build Orders: 1 Gate Expand, Dark Templar Rush 

Get SALT Encoding   

  12  0:01  Probe (Chrono Boost)  
  13  0:11  Probe (Chrono Boost)  
  14  0:17  Pylon  
  14  0:22  Probe (Chrono Boost)  
  15  0:36  Gateway, Probe (Chrono Boost)  
  15  0:41  Assimilator  
  16  0:46  Probe (Chrono Boost)  
  18  0:57  Probe (Chrono Boost)  
  18  1:07  Probe (Chrono Boost)  
  19  1:20  Nexus  
  19  1:22  Probe (Chrono Boost)  
  20  1:32  Cybernetics Core  
  20  1:35  Probe (Chrono Boost)  
  21  1:40  Assimilator  
  21  1:45  Probe (Chrono Boost)  
  22  1:53  Pylon  
  22  1:56  Probe (Chrono Boost)  
  23  2:11  Adept  
  23  2:12  Mothership Core (Chrono Boost)  
  27  2:17  Warp Gate (Chrono Boost)  
  27  2:30  Probe (Chrono Boost)  
  27  2:32  Probe (Chrono Boost)  
  29  2:37  Robotics Facility  
  29  2:40  Gateway  
  29  2:41  Probe  
  29  2:43  Probe  
  30  2:51  Adept  
  33  2:54  Probe  
  33  2:59  Probe  
  34  3:06  Twilight Council  
  34  3:07  Probe  
  34  3:09  Probe  
  36  3:19  Probe  
  37  3:20  Probe  
  38  3:29  Warp Prism  
  38  3:31  Probe (Chrono Boost)  
  38  3:32  Probe (Chrono Boost)  
  42  3:34  Pylon  
  42  3:45  Adept  
  42  3:47  Adept  
  44  3:51  Dark Shrine  
  44  3:52  Probe x2 (Chrono Boost)  
  46  3:56  Pylon  
  46  4:02  Probe x2 (Chrono Boost)  
  43  4:13  Probe x2 (Chrono Boost)  
  42  4:25  Probe x2 (Chrono Boost)  
  42  4:36  Probe (Chrono Boost)  
  42  4:37  Probe (Chrono Boost)  
  44  4:39  Stalker x2  
  42  4:46  Probe (Chrono Boost)  
  42  4:48  Probe (Chrono Boost)  
  42  4:57  Probe (Chrono Boost)  
  42  4:58  Probe (Chrono Boost)  
  44  5:02  Stalker  
  45  5:07  Probe (Chrono Boost)  
  45  5:09  Probe (Chrono Boost)  
  47  5:18  Probe (Chrono Boost)  
  47  5:20  Probe (Chrono Boost)  
  49  5:25  Dark Templar  
  52  5:28  Probe (Chrono Boost)  
  52  5:30  Probe (Chrono Boost)  
  53  5:39  Probe (Chrono Boost)  
  53  5:41  Probe (Chrono Boost)  
  55  5:49  Probe (Chrono Boost)  
  56  5:52  Probe (Chrono Boost)  
  56  5:54  Nexus  
  53  6:00  Probe (Chrono Boost)  
  53  6:03  Probe (Chrono Boost)  
  55  6:10  Probe (Chrono Boost)  
  56  6:13  Assimilator, Blink (Chrono Boost), Probe (Chrono Boost)  
  56  6:14  Forge  
  56  6:17  Assimilator  
  56  6:18  Dark Templar  
  59  6:21  Probe (Chrono Boost)  
  59  6:24  Probe (Chrono Boost)  
  61  6:25  Pylon  
  61  6:31  Probe (Chrono Boost)  
  62  6:35  Pylon  
  62  6:44  Probe x2 (Chrono Boost)  
  64  6:54  Probe x2 (Chrono Boost), Immortal  
  70  7:04  Stalker x2  
  70  7:05  Probe x2 (Chrono Boost)  
  77  7:08  Probe (Chrono Boost)  
  77  7:15  Probe x2 (Chrono Boost)  
  77  7:19  Probe (Chrono Boost)  
  78  7:24  Gateway  
  78  7:25  Gateway x2  
  78  7:26  Gateway, Probe x2 (Chrono Boost)  
  80  7:30  Pylon  
  80  7:34  Warp Prism  
  80  7:36  Protoss Ground Weapons Level 1  
  80  7:38  Stalker, Probe (Chrono Boost)  
  80  7:39  Assimilator, Probe (Chrono Boost)  
  80  7:40  Probe (Chrono Boost)  
  80  7:42  Assimilator  
  85  7:48  Probe  
  86  7:51  Probe  
  86  7:52  Probe  
  86  7:53  Stalker  
  90  7:59  Probe  
  90  8:03  Probe  
  90  8:05  Stalker  
  94  8:08  Charge (Chrono Boost)  
  94  8:09  Pylon  
  94  8:10  Gateway x2  
  94  8:13  Pylon  
  96  8:21  Immortal (Chrono Boost)  
  96  8:22  Probe  
  101  8:27  Probe  
  98  8:36  Stalker x5  
  102  8:49  Pylon  
  102  8:53  Stalker  
  108  8:56  Immortal (Chrono Boost)  
  108  9:02  Robotics Facility  
  108  9:19  Stalker x5  
  108  9:20  Stalker  
  108  9:23  Templar Archives  
  120  9:25  Nexus  
  120  9:26  Pylon, Photon Cannon  
  120  9:29  Warp Prism (Chrono Boost)  
  120  9:30  Photon Cannon  
  122  9:33  Protoss Ground Weapons Level 2 (Chrono Boost)  
  122  9:44  Stargate  
  122  9:47  Stargate  
  122  9:48  Warp Prism (Chrono Boost)  
  122  9:50  Photon Cannon  
  124  10:11  Zealot x4  
  132  10:17  Pylon  
  132  10:19  Pylon  
  132  10:21  Pylon  
  132  10:28  Pylon  
  132  10:31  Pylon  
  132  10:34  Pylon, Fleet Beacon  
  132  10:35  Protoss Air Weapons Level 1  
  132  10:43  Dark Templar x2  
  132  10:44  Dark Templar  
  132  10:46  Probe x2  
  140  10:53  Dark Templar  
  140  10:54  Dark Templar x3  
  140  10:55  Stalker  
  140  10:56  Probe  
  148  10:57  Probe  
  148  11:03  Immortal  
  150  11:05  Immortal  
  148  11:29  Tempest (Chrono Boost)  
  148  11:30  Tempest (Chrono Boost)  
  152  11:33  Zealot x5  
  152  11:35  Probe  
  152  11:36  Probe  
  152  11:37  Immortal  
  164  11:49  Probe x2  
  164  11:51  Assimilator x2, Probe  
  164  11:52  Probe  
  162  12:01  Probe x3  
  163  12:02  High Templar x2  
  163  12:03  High Templar x2  
  163  12:04  Probe  
  174  12:11  Archon  
  174  12:12  Archon, Probe  
  174  12:13  Probe x2  
  177  12:16  Immortal  
  179  12:23  Tempest (Chrono Boost)  
  179  12:24  Tempest (Chrono Boost)  
  179  12:29  Warp Prism  
  185  12:40  Pylon, Nexus  
  185  12:41  Pylon x2  
  185  12:50  Pylon  
  185  12:51  High Templar x3  
  183  12:52  Pylon  
  183  12:55  Pylon  
  183  12:56  Pylon  
  189  12:58  Mothership Core  
  189  12:59  Pylon  
  189  13:01  Archon, High Templar  
  189  13:03  Probe  
  192  13:07  Archon  
  192  13:20  Photon Cannon  
  192  13:27  Photon Cannon x2  
  192  13:28  Photon Cannon  
  192  13:30  Photon Cannon  
  192  13:33  Photon Cannon  
  167  13:35  Stalker  
  167  13:36  Stalker x7  
  181  14:01  Zealot x2  
  181  14:02  Zealot x6  
Tags
 
Add a new tag
Caveats
  • Supply blocks, unpowered buildings, or Contaminate may cause inaccurate times.
  • Supply counts are checked every 10 seconds.